 Dungeon Crawl Stone Soup version 0.29-a0-923-g6e406bff71 (webtiles) character file.

Game seed: 2451893040843092583

30962 Plasmagod the Carver (level 13, -8/114 HPs)
             Began as a Minotaur Fighter on July 28, 2022.
             Was a High Priest of the Shining One.
             Mangled by a slime creature (12 damage)
             ... on level 12 of the Dungeon.
             The game lasted 00:43:49 (17564 turns).

Plasmagod the Carver (Minotaur Fighter)            Turns: 17564, Time: 00:43:49

Health: -8/114     AC: 17    Str: 23    XL:     13   Next: 23%
Magic:  26/26      EV:  9    Int:  5    God:    the Shining One [*****.]
Gold:   947        SH: 11    Dex: 13    Spells: 12/12 levels left

rFire   . . .      SeeInvis .   e - +4 long sword (elec)
rCold   . . .      Faith    .   x - +0 kite shield
rNeg    + + .      Spirit   .   s - +0 chain mail
rPois   .          Reflect  .   b - +0 hat {Stlth+}
rElec   .          Harm     .   F - +0 cloak {rCorr}
rCorr   +          Rampage  .   (no gloves)
Will    .....                   (no boots)
Stlth   ..........              (no amulet)
HPRegen 0.29/turn               G - +4 ring of protection
MPRegen 0.20/turn               i - ring of magical power

@: glowing
A: horns 2, retaliatory headbutt
a: Renounce Religion, Divine Shield, Cleansing Flame, Summon Divine Warrior


You were on level 12 of the Dungeon.
You worshipped the Shining One.
The Shining One was extremely pleased with you.
You visited 2 branches of the dungeon, and saw 14 of its levels.
You also visited: Sewer, Ossuary and Bailey.

You collected 947 gold pieces.

Inventory:

Hand Weapons
 a - a +1 long sword of freezing
 e - a +4 long sword of electrocution (weapon)
 j - the +8 sling "Jeequum" {flame, Str+2}
   (You found it on level 2 of the Dungeon)

   Any ammunition fired from it burns those it strikes, dealing additional fire
   damage.
   Str:       It affects your strength (+2).
Missiles
 k - 3 throwing nets
Armour
 b - a +0 hat of stealth (worn)
 c - a +1 buckler
 s - a +0 chain mail (worn)
 x - a +0 kite shield (worn)
 F - a +0 cloak of preservation (worn)
Jewellery
 i - a ring of magical power (right hand)
 l - a ring of fire
 G - a +4 ring of protection (left hand)
 J - a +6 ring of dexterity
 L - a +6 ring of dexterity
Wands
 E - a wand of light (8)
 H - a wand of roots (3)
 I - a wand of polymorph (7)
Scrolls
 f - 10 scrolls of teleportation
 n - 4 scrolls of identify
 p - 2 scrolls of enchant weapon
 r - 2 scrolls of blinking
 u - 2 scrolls of summoning
 v - 4 scrolls of fear
 w - 5 scrolls of enchant armour
 y - 2 scrolls of immolation
 D - 2 scrolls of amnesia
 M - 2 scrolls of butterflies
Potions
 d - 4 potions of might
 g - 2 potions of lignification
 h - 4 potions of attraction
 m - a potion of brilliance
 q - 9 potions of curing
 t - a potion of mutation
 z - a potion of berserk rage
 A - a potion of resistance
 B - 2 potions of invisibility
 K - a potion of flight
Miscellaneous
 o - a phial of floods
 C - a phantom mirror


   Skills:
 + Level 10.7 Fighting
 + Level 13.3 Long Blades
 + Level 10.5 Ranged Weapons
 + Level 11.5 Armour
 + Level 4.8 Dodging
 + Level 1.9 Stealth
 + Level 10.7 Shields
 * Level 7.9 Invocations
 + Level 0.3 Evocations


You had 12 spell levels left.
You didn't know any spells.
Your spell library contained the following spells:

 Spells                   Type           Power      Damage    Failure   Level
 Shock                    Conj/Air       0%         1d3       99%         1
 Static Discharge         Conj/Air       0%         3-3/arc   100%        2
 Gell's Gravitas          Tloc           0%         N/A       100%        3
 Ignite Poison            Fire/Tmut/Pois 0%         N/A       100%        3
 Lesser Beckoning         Tloc           0%         N/A       100%        3
 Portal Projectile        Hex/Tloc       0%         N/A       100%        3
 Swiftness                Air            0%         N/A       100%        3
 Teleport Other           Tloc           0%         N/A       100%        3
 Airstrike                Air            0%         0-1+      100%        4
 Dispel Undead            Necr           0%         3d6       100%        4
 Passage of Golubria      Tloc           0%         N/A       100%        4
 Sticky Flame             Conj/Fire      0%         2d3       100%        4
 Summon Ice Beast         Ice/Summ       0%         N/A       100%        4
 Fireball                 Conj/Fire      0%         3d3       100%        5
 Iskenderun's Battlesphe  Conj           0%         2d6       100%        5
 Silence                  Hex/Air        0%         N/A       100%        5
 Summon Mana Viper        Hex/Summ       0%         N/A       100%        5
 Conjure Ball Lightning   Conj/Air       0%         3x3d6     100%        6
 Dispersal                Tloc           0%         N/A       100%        6
 Iron Shot                Conj/Erth      0%         9d1       100%        6
 Statue Form              Tmut/Erth      0%         N/A       100%        6
 Monstrous Menagerie      Summ           0%         N/A       100%        7
 Orb of Destruction       Conj           0%         9d5       100%        7
 Spellforged Servitor     Conj/Summ      0%         N/A       100%        7
 Lehudib's Crystal Spear  Conj/Erth      0%         10d2      100%        8
 Necromutation            Tmut/Necr      0%         N/A       100%        8


Dungeon Overview and Level Annotations

Branches:
Dungeon (13/15)            Temple (1/1) D:4            Lair (0/5) D:10
    Orc (0/2) D:10          Sewer (visited)         Ossuary (visited)
 Bailey (visited)
 Vaults: D:13-14

Altars:
Ashenzari
Cheibriados
Dithmenos
Elyvilon
Fedhas
Gozag
Hepliaklqana
Kikubaaqudgha
Makhleb
Nemelex Xobeh
Okawaru
Qazlal
Ru
Sif Muna
Trog
Uskayaw
Vehumet
Wu Jian
Xom
Yredelemnul
Zin
The Shining One


Innate Abilities, Weirdness & Mutations

You have a pair of horns on your head.
You reflexively headbutt those who attack you in melee.


Message History

You hear the crackle of electricity.
e - a +4 long sword of electrocution (weapon)
You hit the slime creature. You headbutt the slime creature!
The slime creature is heavily wounded.
The slime creature hits you but does no damage. x2
You slash the slime creature!
Lightning courses through the slime creature!
The slime creature is almost dead.
You block the slime creature's attack. The slime creature hits you!
You slash the slime creature!
You kill the slime creature!
Two slime creatures merge to form a large slime creature.
Two slime creatures merge to form a very large slime creature.
You slash the slime creature!
You headbutt the slime creature, but do no damage.
The slime creature is lightly wounded.
You slice the slime creature!!
The slime creature is heavily wounded.
The slime creature misses you. You furiously retaliate!
You headbutt the slime creature! The slime creature hits you!
You slash the slime creature! You headbutt the slime creature!
The slime creature is severely wounded.
You block the slime creature's attack. x2
The very large slime creature hits you!!!
You hear a shout!
You block the slime creature's attack. x2
You block the very large slime creature's attack.
You climb upwards.
There is a stone staircase leading down here.
You slash the slime creature!
Lightning courses through the slime creature!
You kill the slime creature!
You block the slime creature's attack.
You block the very large slime creature's attack.
The slime creature hits you but does no damage.
The very large slime creature attacks as you move away!
The very large slime creature hits you!!!
* * * LOW HITPOINT WARNING * * *
The slime creature hits you!
You die...

+#####..######.###...#.....#.####
....'........#.......#######.###.
....#........#........'...#..'...
....#........#........#...#..#...
###.###+#######.###..##..##'#####
..#.###.###.###'###..#####.).....
..#.......#...#>J#....#..#.......
..'.......#...#J.#....'..#.......
..#.......#...#.@##..##..#.......
..#####...#...#..##..#####.......
..#..##...#...#...#..#....#######
.('..######.#######..'....#...#
..#..##..##.#.....#..#....#...#
..#..##.....#.....#'##....#...#
..#..##.....#.............'...#
..#.........'........<....#...#
..'.........#.........[...#####


You could see a very large slime creature and a slime creature.

Vanquished Creatures
  Gastronok (D:8)
  A boulder beetle (D:12)
  4 two-headed ogres
  2 centaur warriors
  Amaemon (D:8)
  4 skeletal warriors (D:11)
  Pikel (D:7)
  An orc knight (Bailey)
  2 deep elf pyromancers (D:10)
  A manticore (D:10)
  A cyclops (D:12)
  4 gargoyles
  3 unseen horrors
  An orange demon (D:8)
  3 kobold demonologists
  A yaktaur (D:10)
  4 trolls
  2 slime creatures
  3 shadows
  3 wraiths
  19 yaks
  A vampire (D:10)
  2 steam dragons (D:7)
  A wyvern (D:9)
  2 acid dragons
  2 water moccasins
  A sky beast (D:7)
  9 orc warriors
  8 ice beasts
  10 ogres
  3 centaurs
  4 wolves (D:10)
  3 phantoms
  13 kobold brigands
  6 gnoll sergeants
  3 scorpions (D:5)
  4 bullfrogs
  A necrophage (D:5)
  A water moccasin zombie (Ossuary)
  10 wights
  14 killer bees
  An electric eel (D:10)
  8 howler monkeys
  3 bullfrog zombies (Ossuary)
  A crimson imp (D:4)
  10 centaur zombies
  10 hounds
  4 jellies
  5 orc priests
  2 gnoll boudas
  2 iguanas
  20 orc wizards
  2 scorpion zombies (Ossuary)
  2 boggart zombies (D:11)
  2 ogre zombies (Ossuary)
  A mummy (D:5)
  7 adders
  31 gnolls
  A river rat (D:3)
  2 shadow imps (D:5)
  3 white imps
  2 ufetubi
  3 adder zombies (Ossuary)
  6 dart slugs
  38 orcs
  6 endoplasms
  18 giant cockroaches
  5 gnoll zombies (Ossuary)
  11 goblins
  5 hobgoblins
  8 jackals
  46 kobolds
  6 quokkas
  9 ball pythons
  8 bats
  10 frilled lizards
  2 goblin zombies
  2 hobgoblin zombies (Ossuary)
  3 orc zombies
  7 rats
  A spectral goblin (D:3)
473 creatures vanquished.

Notes
Turn   | Place    | Note
-------+----------+-------------------------------------------
     0 | D:1      | Plasmagod the Minotaur Fighter began the quest for the Orb.
     0 | D:1      | Reached XP level 1. HP: 19/19 MP: 0/0
   150 | D:1      | Reached XP level 2. HP: 27/27 MP: 1/1
   376 | D:1      | Reached XP level 3. HP: 32/33 MP: 2/2
   413 | D:1      | Reached skill level 3 in Long Blades
  1084 | D:2      | Identified the +8 sling "Jeequum" {flame, Str+2}
  1148 | D:2      | Reached XP level 4. HP: 41/41 MP: 3/3
  1549 | D:3      | Reached skill level 4 in Long Blades
  1552 | D:3      | Reached skill level 1 in Ranged Weapons
  1552 | D:3      | Reached XP level 5. HP: 46/47 MP: 4/4
  1633 | D:3      | Found a faded altar of an unknown god.
  1677 | D:3      | Found a glowing drain.
  1681 | Sewer    | Entered a sewer
  1962 | Sewer    | Reached XP level 6. HP: 53/53 MP: 5/5
  1978 | Sewer    | Reached skill level 5 in Armour
  3173 | D:4      | Reached skill level 5 in Long Blades
  3300 | D:4      | Reached XP level 7. HP: 57/58 MP: 6/6
  3323 | D:4      | Found a staircase to the Ecumenical Temple.
  3335 | Temple   | Entered the Ecumenical Temple
  3408 | Temple   | Became a worshipper of the Shining One
  3792 | D:5      | Entered Level 5 of the Dungeon
  3832 | D:5      | Reached skill level 5 in Fighting
  3866 | D:5      | Reached skill level 5 in Ranged Weapons
  3879 | D:5      | Reached skill level 1 in Dodging
  3939 | D:5      | Reached XP level 8. HP: 57/68 MP: 7/7
  3954 | D:5      | Reached skill level 6 in Long Blades
  4016 | D:5      | Reached * piety under the Shining One
  4024 | D:5      | Found a sand-covered staircase.
  4183 | Ossuary  | Entered an ossuary
  4333 | Ossuary  | Reached ** piety under the Shining One
  4427 | Ossuary  | Noticed a silent spectre
  4509 | D:5      | Reached *** piety under the Shining One
  4844 | D:5      | Reached skill level 1 in Stealth
  4872 | D:5      | Reached skill level 7 in Long Blades
  5070 | D:5      | Reached skill level 5 in Shields
  5082 | D:5      | Reached skill level 8 in Long Blades
  5082 | D:5      | Reached XP level 9. HP: 23/75 MP: 8/8
  5943 | D:6      | Reached skill level 9 in Long Blades
  6774 | D:7      | Found the +10 morningstar "Eos" {elec, Halo rElec}
  6817 | D:7      | Noticed Pikel
  6828 | D:7      | Killed Pikel
  6829 | D:7      | Reached skill level 10 in Long Blades
  6829 | D:7      | Reached XP level 10. HP: 84/86 MP: 9/9
  7114 | D:7      | Found a flagged portal.
  7123 | Bailey   | Entered a bailey
  7441 | Bailey   | Noticed an orc knight
  7456 | Bailey   | Killed an orc knight
  7494 | Bailey   | Found a burning altar of Makhleb.
  7889 | D:7      | Reached **** piety under the Shining One
  8565 | D:8      | Reached skill level 11 in Long Blades
  8598 | D:8      | Noticed Gastronok
  8622 | D:8      | Killed Gastronok
  8788 | D:8      | Reached XP level 11. HP: 87/95 MP: 11/11
  9375 | D:8      | Reached ***** piety under the Shining One
  9396 | D:8      | Found a sacrificial altar of Ru.
  9611 | D:8      | Noticed Amaemon
  9630 | D:8      | Killed Amaemon
 10164 | D:9      | Noticed a two-headed ogre
 10171 | D:9      | Killed a two-headed ogre
 11376 | D:10     | Entered Level 10 of the Dungeon
 11402 | D:10     | Reached skill level 10 in Armour
 11406 | D:10     | Found a staircase to the Lair.
 11508 | D:10     | Noticed a two-headed ogre
 11508 | D:10     | Noticed a centaur warrior
 11511 | D:10     | Noticed a two-headed ogre
 11511 | D:10     | Noticed a deep elf pyromancer
 11525 | D:10     | Killed a centaur warrior
 11538 | D:10     | Killed a two-headed ogre
 11538 | D:10     | Noticed a deep elf pyromancer
 11540 | D:10     | HP: 3/97 [deep elf pyromancer/sticky flame (5)]
 11883 | D:10     | Killed a deep elf pyromancer
 11885 | D:10     | Killed a two-headed ogre
 11889 | D:10     | Reached skill level 5 in Invocations
 12146 | D:9      | Reached skill level 12 in Long Blades
 12467 | D:10     | Killed a deep elf pyromancer
 12468 | D:10     | Reached XP level 12. HP: 54/105 MP: 14/14
 13106 | D:10     | Found a staircase to the Orcish Mines.
 13679 | D:10     | Got the Handbook of the Immovable Tusks
 14132 | D:11     | Noticed a centaur warrior
 14151 | D:11     | Killed a centaur warrior
 14529 | D:11     | Reached skill level 10 in Fighting
 14664 | D:11     | Reached skill level 10 in Shields
 14961 | D:11     | Reached skill level 10 in Ranged Weapons
 15322 | D:11     | Reached skill level 13 in Long Blades
 15323 | D:11     | Found a basalt altar of Yredelemnul.
 15373 | D:11     | The Shining One protects you from harm!
 15378 | D:11     | Reached XP level 13. HP: 10/114 MP: 17/17
 17564 | D:12     | HP: 4/114 [very large slime creature (46)]
 17564 | D:12     | Mangled by a slime creature

Illustrated notes

Levels and vault maps discovered:
D:1:      ncdulo_smallfort, layout_loops_cross
D:2:      layout_rooms, serial_glass, glass_columns_b, glass_columns_a,
          glass_columns_a, glass_columns_b, feat_on_display
D:3:      layout_rooms, dreamdust_ecumenical_altar_drowned_temple,
          gup_sewer_entry_bowl, grunt_ministairs_1, small_statue_intersection
D:4:      minmay_skewed_foursquare, layout_loops_ring,
          minmay_temple_entry_poolview, serial_rivers,
          chequers_serial_rivers_small_b, chequers_serial_rivers_micro_d,
          chequers_serial_rivers_micro_e, chequers_serial_rivers_room_b,
          chequers_serial_rivers_small_3, chequers_serial_rivers_small_3,
          minmay_fire_ice_demons
D:5:      cheibrodos_barr_body, layout_cave_pools, nicolae_ossuary_entry_giza
D:6:      layout_cave_pools
D:7:      layout_basic, enter_bailey_8, minivault_19, uniq_pikel
D:8:      layout_loops_ring, lemuel_round_altar, uniq_amaemon, uniq_gastronok
D:9:      layout_rooms, corexii_leaking_fountain, minmay_between
D:10:     minmay_bloctagon, layout_loops_ring, erik_lair_island,
          kennysheep_orc_monster_closet_entryway
D:11:     layout_cross, nicolae_yredelemnul_corpse_copse
D:12:     layout_gridville, kennysheep_generic_room_14
D:13:     layout_cave_pods
Temple:   grunt_wide_crystal_templ

Skill      XL: |  1  2  3  4  5  6  7  8  9 10 11 12 |
---------------+-------------------------------------+-----
Fighting       | 4 5 6 7 8 9 10 | 10.7
Armour         | 4 5 6 8 9 10 11 | 11.5
Long Blades    | 3 4 5 8 10 11 12 13 | 13.3
Shields        | 4 5 6 7 9 10 | 10.7
Ranged Weapons | 1 2 4 5 6 7 8 9 10 | 10.5
Dodging        | 2 3 4 |  4.8
Stealth        | 1 |  1.9
Invocations    | 2 5 7 |  7.9
Evocations     | |  0.3

Action                   |  1- 3 |  4- 6 |  7- 9 | 10-12 | 13-15 || total
-------------------------+-------+-------+-------+-------+-------++-------
Melee: Long sword        |   105 |    67 |   300 |   511 |    62 ||  1045
       Headbutt          |    16 |     6 |    77 |   156 |    20 ||   275
 Fire: Sling             |       |   118 |    95 |   238 |    33 ||   484
Invok: Divine Shield     |       |       |       |     3 |       ||     3
       Cleansing Flame   |       |       |       |     1 |       ||     1
Evoke: Phial of floods   |       |       |       |     1 |       ||     1
  Use: Scroll            |       |       |    20 |     6 |       ||    26
       Potion            |       |       |       |    10 |       ||    10
Armor: Scale mail        |    72 |    26 |       |       |       ||    98
       Chain mail        |       |    32 |   228 |   314 |    17 ||   591
Dodge: Dodged            |    47 |    38 |   145 |   225 |    13 ||   468
Block: Buckler           |    24 |    17 |    92 |       |       ||   133
       Kite shield       |       |       |    11 |   408 |    25 ||   444

Table legend: (Time is in decaauts)
 A = Elapsed time spent in this place.
 B = Non-inter-level travel time spent in this place.
 C = Inter-level travel time spent in this place.
 D = Time resting spent in this place.
 E = Time spent auto-exploring this place.
 F = Levels seen in this place.
 G = Mean time per level.
                   A        B        C        D        E       F      G
               +--------+--------+--------+--------+--------+-----+--------+
         Total |  17841 |  17574 |    267 |   5590 |   8759 |  17 | 1049.5 |
       Dungeon |  16218 |  15951 |    267 |   5137 |   8046 |  13 | 1247.5 |
        Temple |     78 |     78 |      0 |      0 |     37 |   1 |   78.0 |
         Sewer |    585 |    585 |      0 |    110 |    322 |   1 |  585.0 |
       Ossuary |    343 |    343 |      0 |     83 |    119 |   1 |  343.0 |
        Bailey |    614 |    614 |      0 |    260 |    234 |   1 |  614.0 |
               +--------+--------+--------+--------+--------+-----+--------+

Top non-repeatable levels by time:
     D:9: 2395 daAuts
     D:5: 1780 daAuts
    D:11: 1738 daAuts
    D:12: 1660 daAuts
    D:10: 1628 daAuts
     D:7: 1522 daAuts
     D:8: 1361 daAuts
     D:4: 1284 daAuts
     D:1: 981 daAuts
     D:6: 800 daAuts
  Bailey: 614 daAuts
     D:3: 591 daAuts
   Sewer: 585 daAuts
     D:2: 464 daAuts
 Ossuary: 343 daAuts
